 Dungeon Crawl Stone Soup version 0.17-a0-1583-g2df49ec (webtiles) character file.

425 KINGKRU the Ducker (level 6, 0/51 HPs)
             Began as a Minotaur Gladiator on July 28, 2015.
             Killed by divine providence
             ... invoked by an orc priest
              (10 damage)
             ... on level 5 of the Dungeon.
             The game lasted 00:19:41 (3298 turns).

KINGKRU the Ducker (Minotaur Gladiator)             Turns: 3298, Time: 00:19:43

Health: 0/51       AC:  7    Str: 22    XL:     6   Next: 64%
Magic:  5/5        EV: 13    Int:  5    God:
Gold:   39         SH:  0    Dex: 10    Spells: 0 memorised, 5 levels left

rFire  . . .     SeeInvis .     a - +2 trident
rCold  . . .     Clarity  .     m - +0 ring mail
rNeg   . . .     SustAt   .     (no shield)
rPois  .         Gourm    .     (helmet restricted)
rElec  .         Spirit   .     (no cloak)
rCorr  .         Warding  .     p - +0 pair of gloves
rMut   .         Stasis   .     (no boots)
MR     .....                    (no amulet)
Stlth  +.........               (no ring)
                                (no ring)

@: not resistant to hostile enchantments, very unstealthy
A: retaliatory headbutt, horns 2
a: no special abilities


You were on level 5 of the Dungeon.
You were not hungry.

You visited 1 branch of the dungeon, and saw 5 of its levels.

You collected 144 gold pieces.
You spent 105 gold pieces at shops.

Inventory:

Hand weapons
 a - a +2 trident (weapon)
Missiles
 d - 3 throwing nets (quivered)
 h - 24 arrows
 l - 20 poisoned needles
Armour
 c - a +0 hat
 m - a +0 ring mail (worn)
 p - a +0 pair of gloves (worn)
Jewellery
 r - an uncursed ring of ice {unknown}
Scrolls
 i - a scroll of remove curse
 o - a scroll of identify {unknown}
 s - a scroll of magic mapping {unknown}
Potions
 j - 2 potions of magic {unknown}
 k - a potion of haste {unknown}
 n - a potion of cancellation {unknown}
 q - 2 potions of flight {unknown}
Comestibles
 b - 2 fruits
 e - 2 bread rations
 f - 3 beef jerkies


   Skills:
 + Level 3.5 Fighting
 + Level 5.2 Polearms
 + Level 2.0 Throwing
 + Level 4.0 Armour
 + Level 5.7 Dodging
 + Level 0.6 Stealth


You had 5 spell levels left.
You didn't know any spells.

Dungeon Overview and Level Annotations

Branches:
Dungeon (5/15)
 Temple: D:4-7

Altars:
Sif Muna

Shops:
D:4 ?   D:5 ?


Innate Abilities, Weirdness & Mutations

You reflexively headbutt those who attack you in melee.
You have a pair of horns on your head.


Message History

* * * LOW HITPOINT WARNING * * *
The orc closely misses you. The kobold hits you but does no damage.
The orc misses you.
You hit the orc priest. You headbutt the orc priest.
The orc priest is moderately wounded.
The orc priest hits you.
* * * LOW HITPOINT WARNING * * *
The orc barely misses you. The kobold closely misses you.
You furiously retaliate!
You headbutt the kobold!
You kill the kobold!
The orc closely misses you.
The orc priest hits you but does no damage.
You barely miss the orc. The orc misses you. You furiously retaliate!
You headbutt the orc!
You kill the orc!
The orc hits you with a whip.
* * * LOW HITPOINT WARNING * * *
The orc priest mumbles some strange prayers to Beogh against you.
Something smites you!
You die...

#.#...........#
#.....####.####
#.###.#
#.###### #. #.#
#......# # #.#
######.# #.#
#.# #.# #(#
#.## #o@#
#o()......
##..###### #..#
#..# #..# ....
###.#


You could see an orc priest and an orc.

Vanquished Creatures
  An ice beast (D:5)
  A big kobold (D:5)
  A hound (D:4)
  An orc wizard (D:5)
  An iguana (D:5)
  2 worker ants
  A gnoll (D:1)
  5 adders
  An ooze (D:3)
  4 worms
  An orc (D:5)
  7 giant cockroaches
  8 goblins
  5 hobgoblins
  4 jackals (D:1)
  3 ball pythons
  6 bats
  A giant gecko (D:2)
  3 giant newts
  12 kobolds
  13 rats
81 creatures vanquished.

Notes
Turn   | Place    | Note
--------------------------------------------------------------
     0 | D:1      | KINGKRU the Minotaur Gladiator began the quest for the Orb.
     0 | D:1      | Reached XP level 1. HP: 18/18 MP: 0/0
   566 | D:2      | Reached XP level 2. HP: 18/25 MP: 1/1
   878 | D:2      | Reached skill level 4 in Polearms
   939 | D:2      | Reached XP level 3. HP: 27/30 MP: 2/2
  1396 | D:1      | Reached skill level 1 in Armour
  1969 | D:3      | Reached XP level 4. HP: 35/37 MP: 3/3
  2616 | D:4      | Found a deep blue altar of Sif Muna.
  2622 | D:4      | Reached XP level 5. HP: 45/45 MP: 4/4
  2624 | D:4      | Found Hofrun's Magic Scroll Boutique.
  2648 | D:4      | Bought a scroll of enchant weapon for 105 gold pieces
  2785 | D:5      | Entered Level 5 of the Dungeon
  2785 | D:5      | Found Ywofopp's Magic Scroll Boutique.
  2800 | D:5      | Reached skill level 5 in Dodging
  2805 | D:5      | Noticed an ice beast
  3064 | D:5      | Killed an ice beast
  3064 | D:5      | Reached skill level 5 in Polearms
  3064 | D:5      | Reached XP level 6. HP: 26/51 MP: 5/5
  3298 | D:5      | Killed from afar by an orc priest

Vault maps used:
D:1:      sevenhm_arrival_forest_fort_large_2, hangedman_decor_growths,
          serial_bayou_pond_d
D:3:      first_bread
D:4:      overflow_temple_1_default, serial_forest, infiniplex_forest_lined_2,
          infiniplex_forest_lined_room_3, infiniplex_forest_lined_room_3,
          infiniplex_forest_end_3, infiniplex_forest_lined_2,
          infiniplex_forest_end_2, serial_shops, kennysheep_mini_moat,
          st_stairs_3
D:5:      minmay_temple_entry_fiery, serial_shops, shop, shop_statue, shop,
          shop, item_on_display_a

Action                   |  1- 3 |  4- 6 || total
-------------------------+-------+-------++-------
Melee: Trident           |    89 |    96 ||   185
  Use: Scroll            |       |     5 ||     5
  Eat: Meat ration       |     1 |     1 ||     2
